 Dungeon Crawl Stone Soup version 0.27.1-33-g824d729ab1 (webtiles) character file.

Game seed: 430845980382017509

5469 sankara the Severer (level 10, -1/121 HPs)
             Began as a Minotaur Fighter on Dec 30, 2021.
             Was a High Priest of Trog.
             Slain by a centaur (7 damage)
             ... in a bailey.
             The game lasted 00:20:00 (8744 turns).

sankara the Severer (Minotaur Fighter)              Turns: 8744, Time: 00:20:02

Health: -1/121     AC: 18    Str: 21    XL:     10   Next: 41%
Magic:  9/9        EV:  8    Int:  6    God:    Trog [*****.]
Gold:   487        SH: 10    Dex: 12    Spells: 9/9 levels left

rFire    . . .     SeeInvis .   a - +0 war axe
rCold    . . .     Faith    +   c - +0 kite shield
rNeg     . . .     Spirit   .   S - +0 plate armour
rPois    .         Reflect  .   (helmet restricted)
rElec    .         Harm     .   r - +0 cloak
rCorr    .         Rampage  .   (no gloves)
Will     ++...                  (no boots)
Stlth    ..........             s - amulet of faith
HPRegen  1.30/turn              E - +4 ring of protection
MPRegen  0.11/turn              G - +4 ring of evasion

@: berserking, strong-willed, regenerating, very quick
A: horns 2, retaliatory headbutt
a: Renounce Religion, Berserk, Trog's Hand, Brothers in Arms


You were in a bailey.
You worshipped Trog.
Trog was extremely pleased with you.
You visited 2 branches of the dungeon, and saw 10 of its levels.
You also visited: Bailey.

You collected 487 gold pieces.

Inventory:

Hand Weapons
 a - a +0 war axe (weapon)
 w - a +2 whip of venom
 U - a +1 hunting sling of freezing
Missiles
 h - 114 sling bullets
 i - 186 stones (quivered)
 p - 12 boomerangs
 J - 16 poisoned darts
 W - 6 javelins
Armour
 b - a +0 scale mail
 c - a +0 kite shield (worn)
 r - a +0 cloak (worn)
 x - a +1 ring mail of fire resistance
 y - +0 acid dragon scales
 P - the +1 scale mail "Xeskidgh" {Rampage rPois rF+ rC+}
   (You found it on level 8 of the Dungeon)

   rF:        It protects you from fire.
   rC:        It protects you from cold.
   rPois:     It protects you from poison.
   Rampage:   It bestows one free step when moving towards enemies.
 S - a +0 plate armour (worn)
Jewellery
 s - an amulet of faith (around neck)
 u - a ring of positive energy
 C - a ring of willpower
 E - a +4 ring of protection (left hand)
 F - a +6 ring of dexterity
 G - a +4 ring of evasion (right hand)
Wands
 o - a wand of flame (10)
 t - a wand of mindburst (9)
 K - a wand of iceblast (10)
Scrolls
 e - 2 scrolls of brand weapon {unknown}
 f - a scroll of fear {unknown}
 k - 2 scrolls of identify {unknown}
 l - a scroll of noise {unknown}
 m - 3 scrolls of teleportation
 q - a scroll of silence {unknown}
 v - 2 scrolls of magic mapping
 B - 3 scrolls of fog
 H - a scroll of amnesia {unknown}
 L - a scroll of acquirement {unknown}
 O - a scroll of blinking {unknown}
 R - a scroll of immolation {unknown}
 T - a scroll of enchant weapon
Potions
 d - a potion of might
 g - a potion of attraction {unknown}
 j - a potion of curing {unknown}
 n - 2 potions of degeneration {unknown}
 z - 2 potions of haste {unknown}
 A - 2 potions of brilliance {unknown}
 D - 2 potions of heal wounds {unknown}
 I - a potion of magic {unknown}
 M - 2 potions of berserk rage {unknown}
 N - a potion of invisibility {unknown}
 Q - 2 potions of resistance {unknown}
 V - a potion of lignification {unknown}


   Skills:
 + Level 5.5 Fighting
 * Level 15.6 Axes
 + Level 6.3 Armour
 + Level 6.3 Shields


You had 9 spell levels left.
You didn't know any spells.
Your spell library contained the following spells:

 Spells                   Type           Power      Damage    Failure   Level
 Ignite Poison            Fire/Tmut/Pois 0%         N/A       100%        3
 Inner Flame              Hex/Fire       0%         N/A       100%        3
 Mephitic Cloud           Conj/Pois/Air  0%         N/A       100%        3
 Cause Fear               Hex            0%         N/A       100%        4
 Bolt of Magma            Conj/Fire/Erth 0%         4d4       100%        5
 Fireball                 Conj/Fire      0%         3d3       100%        5
 Iskenderun's Battlesphe  Conj           0%         2d6       100%        5
 Conjure Ball Lightning   Conj/Air       0%         3x3d6     100%        6
 Orb of Destruction       Conj           0%         N/A       100%        7
 Discord                  Hex            0%         N/A       100%        8


Dungeon Overview and Level Annotations

Branches:
Dungeon (9/15)             Temple (1/1) D:5          Bailey (1/1)
   Lair: D:8-11         Orc: D:9-12

Altars:
Ashenzari
Cheibriados
Dithmenos
Elyvilon
Fedhas
Gozag
Hepliaklqana
Kikubaaqudgha
Okawaru
Qazlal
Ru
Sif Muna
Trog
Uskayaw
Vehumet
Wu Jian
Xom
Yredelemnul
Zin
The Shining One

Shops:
D:4 [   D:7 :

Annotations:
D:7 exclusion: 2 doors


Innate Abilities, Weirdness & Mutations

You have a pair of horns on your head.
You reflexively headbutt those who attack you in melee.


Message History

You barely miss the orc warrior.
The orc warrior is heavily wounded.
You block the centaur's attack. You block the orc warrior's attack.
Your skin crawls.
You feel strong-willed.
The centaur hits you from afar with a +0 halberd.
* * * LOW HITPOINT WARNING * * *
You block the orc warrior's attack.
Unknown command.
A red film seems to cover your vision as you go berserk!
You feel yourself moving faster!
You feel mighty!
The centaur hits you but does no damage.
The centaur hits you from afar with a +0 halberd!
* * * LOW HITPOINT WARNING * * *
The orc warrior closely misses you.
You slash the orc warrior!
The orc warrior is almost dead.
The centaur hits you from afar with a +0 halberd.
* * * LOW HITPOINT WARNING * * *
Your shield and plate armour prevent you from hitting the orc warrior.
The orc warrior is almost dead.
You block the orc warrior's attack. You block the centaur's attack.
You closely miss the orc warrior.
The orc warrior is almost dead.
You block the centaur's attack. You block the orc warrior's attack.
You hit the orc warrior.
You kill the orc warrior!
Trog accepts your kill. You block the centaur's attack.
You block the centaur's attack. x2
The centaur hits you but does no damage.
Things that are here:
a +0 glaive; a +0 plate armour You slash the centaur!
You headbutt the centaur.
The centaur is severely wounded.
The centaur hits you with a +0 halberd!
* * * LOW HITPOINT WARNING * * *
You block the centaur's attack.
The centaur hits you from afar with a +0 halberd!
You die...

.............≈.≈≈≈≈#
.⌠.........⌠.≈≈.≈≈≈#
..............≈.≈≈≈#
...≈≈≈≈≈≈≈....≈≈.≈≈#
.≈≈≈≈≈≈≈≈≈≈≈...≈.≈≈#
≈≈≈≈≈≈≈≈≈≈≈≈≈..≈.≈≈#
≈≈≈≈≈)?:≈≈≈≈)..).≈≈#
≈≈≈≈≈≈≈≈≈≈≈≈≈).≈.≈≈#
.≈≈≈≈≈≈≈≈≈≈≈...≈@≈≈#
...≈≈≈≈≈≈≈....≈≈c≈≈#
..............≈c≈≈≈#
.⌠.........⌠.≈≈.≈≈≈#
.....).......≈.≈≈≈≈#
≈≈.........≈≈≈.≈≈≈≈#
.≈≈≈.....≈≈≈..≈≈≈≈≈#
≈.c≈≈≈≈≈≈≈..≈≈≈≈≈≈≈#
≈≈≈.cc.o..≈≈≈≈≈≈≈≈##


You could see 2 centaurs.

Vanquished Creatures
  A two-headed ogre (D:9)
  A slime creature (D:7)
  3 yaks (D:8)
  An acid dragon (D:4)
  A black bear (D:7)
  2 ice beasts
  12 orc warriors
  A hornet zombie (D:8)
  3 necrophages
  2 ogres
  4 centaurs (Bailey)
  A kobold brigand (D:8)
  A gnoll sergeant (D:9)
  A bullfrog (D:6)
  A wyvern skeleton (D:6)
  A water moccasin skeleton (D:4)
  5 wights (D:8)
  5 howler monkeys
  A centaur zombie (D:7)
  3 hounds
  5 orc priests
  2 iguanas
  8 orc wizards
  Natasha (thrice) (D:3)
  A killer bee zombie (D:7)
  A hound zombie (D:5)
  A hound skeleton (D:5)
  2 howler monkey zombies
  4 gnolls
  11 adders
  A shadow imp (D:8)
  2 ufetubi
  An adder skeleton (D:4)
  4 dart slugs
  A worm (D:4)
  50 orcs
  5 endoplasms
  5 giant cockroaches
  11 goblins
  5 hobgoblins
  12 jackals
  2 quokkas
  10 ball pythons
  5 bats
  2 frilled lizards
  3 kobolds
  4 rats
  A spectral goblin (D:4)
212 creatures vanquished.

Vanquished Creatures (collateral kills)
  3 yaks (D:8)
3 creatures vanquished.

Vanquished Creatures (others)
  3 plants (D:7)
3 creatures vanquished.

Grand Total: 218 creatures vanquished

Notes
Turn   | Place    | Note
-------+----------+-------------------------------------------
     0 | D:1      | sankara the Minotaur Fighter began the quest for the Orb.
     0 | D:1      | Reached XP level 1. HP: 19/19 MP: 0/0
   122 | D:1      | Reached XP level 2. HP: 27/27 MP: 1/1
   236 | D:1      | Reached skill level 3 in Axes
   671 | D:1      | Reached XP level 3. HP: 33/33 MP: 2/2
  1042 | D:2      | Reached XP level 4. HP: 40/40 MP: 3/3
  1051 | D:2      | Reached skill level 4 in Axes
  1151 | D:2      | Found a faded altar of an unknown god.
  1381 | D:2      | Became a worshipper of Trog the Wrathful
  1381 | D:2      | Reached * piety under Trog
  1422 | D:3      | Noticed Natasha
  1427 | D:3      | Killed Natasha
  1428 | D:3      | Reached XP level 5. HP: 46/46 MP: 4/4
  1697 | D:3      | Reached skill level 5 in Axes
  1708 | D:3      | Found a basalt altar of Yredelemnul.
  1767 | D:3      | Reached skill level 5 in Armour
  1767 | D:3      | Reached skill level 5 in Shields
  1779 | D:3      | Reached XP level 6. HP: 27/52 MP: 5/5
  1880 | D:3      | Noticed Natasha
  1886 | D:3      | Killed Natasha
  2020 | D:3      | Noticed Natasha
  2027 | D:3      | Killed Natasha
  2028 | D:3      | Reached skill level 6 in Axes
  2694 | D:4      | Reached ** piety under Trog
  2784 | D:4      | Reached skill level 7 in Axes
  3059 | D:4      | Reached XP level 7. HP: 56/59 MP: 6/6
  3147 | D:4      | Found a radiant altar of Vehumet.
  3254 | D:4      | Found Fozeulie's Armour Shoppe.
  3310 | D:4      | Found a blossoming altar of Fedhas.
  3310 | D:4      | Found an iron altar of Okawaru.
  3310 | D:4      | Found a glowing silver altar of Zin.
  3399 | D:4      | Found a hazy altar of Hepliaklqana.
  3567 | D:4      | Reached skill level 8 in Axes
  3606 | D:4      | Reached *** piety under Trog
  3651 | D:4      | Reached skill level 9 in Axes
  3895 | D:5      | Entered Level 5 of the Dungeon
  3974 | D:5      | Found an opulent altar of Gozag.
  4348 | D:5      | Found a bloodstained altar of Trog.
  4396 | D:5      | Found a staircase to the Ecumenical Temple.
  4402 | Temple   | Entered the Ecumenical Temple
  4586 | D:6      | Reached skill level 10 in Axes
  4671 | D:6      | Reached XP level 8. HP: 65/66 MP: 7/7
  4949 | D:6      | Reached skill level 11 in Axes
  5099 | D:6      | Found a shimmering altar of Xom.
  5495 | D:7      | Reached skill level 12 in Axes
  5662 | D:7      | Reached **** piety under Trog
  5798 | D:7      | Noticed a slime creature
  5814 | D:7      | Killed a slime creature
  5815 | D:7      | Reached XP level 9. HP: 32/71 MP: 8/8
  6141 | D:7      | Found Yqabeum's Book Shoppe.
  6273 | D:8      | Identified the +1 scale mail "Xeskidgh" {Rampage rPois rF+
                  | rC+}
  6339 | D:8      | Found an ancient bone altar of Kikubaaqudgha.
  6384 | D:8      | Reached skill level 13 in Axes
  6595 | D:8      | Reached skill level 14 in Axes
  6895 | D:8      | Found a sacrificial altar of Ru.
  7038 | D:9      | Reached skill level 15 in Axes
  7246 | D:9      | Noticed a two-headed ogre
  7252 | D:9      | HP: 3/108 [two-headed ogre (11)]
  7255 | D:9      | Killed a two-headed ogre
  7256 | D:9      | Reached XP level 10. HP: 4/80 MP: 9/9
  7585 | D:9      | Found a flagged portal.
  7600 | Bailey   | Entered a bailey
  7683 | Bailey   | Reached ***** piety under Trog
  8127 | Bailey   | Reached skill level 5 in Fighting
  8744 | Bailey   | HP: 6/121 [centaur (7)]
  8744 | Bailey   | Slain by a centaur

Illustrated notes

Levels and vault maps discovered:
D:1:      sevenhm_arrival_forest_fort_small_4, layout_basic, due_unseen_surprise
D:2:      layout_rooms, hellmonk_ecumenical_altar_crossroads,
          minmay_pentomino_w2
D:3:      layout_basic, mainiacjoe_overflow_catwalk, patterned_corridor,
          uniq_natasha
D:4:      minmay_diamond_boxcup, layout_loops_ring,
          nicolae_hepliaklqana_monster_ancestors,
          gammafunk_temple_overflow_claw, mainiacjoe_overflow_cross_hatched,
          serial_shops, kennysheep_little_box
D:5:      layout_cave_pools, lightli_temple_of_fire,
          mainiacjoe_overflow_concentric_impassable, minmay_temple_entry_fiery
D:6:      layout_basic, mainiacjoe_overflow_24_doors
D:7:      cheibrodos_two_vegetables, layout_basic, serial_shops,
          nicolae_shop_window_shopping, hangedman_decor_riveting,
          due_unseen_surprise
D:8:      layout_basic, nicolae_ru_path_of_blood, mainiacjoe_overflow_paths
D:9:      layout_basic, grunt_lair_entry_orc_guard_hut, gammafunk_ghost_arena,
          enter_bailey_4, corexii_corridor_pit, abandoned_shop,
          grunt_ministairs_1, minmay_misc_feat_five
Temple:   dpeg_three_leaves_temple
Bailey:   bailey_polearm_flooded_kennysheep, bailey

Skill      XL: |  1  2  3  4  5  6  7  8  9 10 |
---------------+-------------------------------+-----
Axes           | 3 4 5 7 10 12 15 | 15.6
Fighting       | 4 5 |  5.5
Armour         | 4 5 6 |  6.3
Shields        | 4 5 6 |  6.3

Action                   |  1- 3 |  4- 6 |  7- 9 | 10-12 || total
-------------------------+-------+-------+-------+-------++-------
Melee: War axe           |    79 |   118 |   244 |   120 ||   561
       Headbutt          |    10 |    22 |    54 |    25 ||   111
Invok: Berserk           |       |     3 |     6 |     2 ||    11
       Brothers in Arms  |       |       |     1 |       ||     1
       Trog's Hand       |       |       |       |     1 ||     1
  Use: Scroll            |       |       |       |     3 ||     3
Armor: Scale mail        |    39 |    42 |    15 |       ||    96
       Acid dragon scale |       |       |    62 |     1 ||    63
       Plate armour      |       |       |       |   105 ||   105
Dodge: Dodged            |    25 |    30 |    77 |    74 ||   206
Block: Kite shield       |    47 |    55 |    99 |   126 ||   327
